 Dungeon Crawl Stone Soup version 0.31-a0-664-g902f515a81 (webtiles) character file.

Game seed: 18202718997062544435

27891 arthad the Martial Artist (level 13, -1/99 HPs)
             Began as a Gnoll Wanderer on Sept 2, 2023.
             Was an Initiate of Gozag.
             Slain by a skyshark (19 damage)
             ... on level 3 of the Lair of Beasts.
             The game lasted 00:39:14 (18276 turns).

arthad the Martial Artist (Gnoll Wanderer)         Turns: 18276, Time: 00:39:15

Health: -1/99      AC:  9    Str:  9    XL:     13   Next: 35%
Magic:  0/25       EV: 17    Int: 12    God:    Gozag
Gold:   3715       SH:  0    Dex: 19    Spells: 7/29 levels left

rFire   . .          .
                       - Unarmed
rCold   . . .        (no shield)
rNeg    + . .        Q - +2 robe {rN+}
rPois   .            u - +0 helmet
rElec   .            s - +0 cloak
rCorr   .            (no gloves)
SInv    .            c - +0 pair of boots
Will    .....        p - amulet of guardian spirit
Stlth   ++++         n - ring of flight
HPRegen 0.36/turn    (no ring)
MPRegen 0.19/turn

%: guardian spirit
@: flying
A: fangs 1, strong nose, distributed training
a: Renounce Religion, Potion Petition, Call Merchant, Bribe Branch


You were on level 3 of the Lair of Beasts.
You worshipped Gozag.
Gozag was most pleased with you.
You visited 3 branches of the dungeon, and saw 16 of its levels.
You also visited: Ossuary.

You collected 3810 gold pieces.
You paid 95 gold pieces to Gozag.

Inventory:

Hand Weapons
 o - the +2 dagger "Reil Xilo" {chaos, *Noise Will++ rCorr Dex+2}
   (You found it on level 3 of the Dungeon)

   Dex+2:     It affects your dexterity (+2).
   Will++:    It greatly increases your willpower.
   *Noise:    It may make a loud noise when swung.
   rCorr:     It protects you from acid and corrosion.
 q - a +2 short sword of draining
 v - a +2 heavy hand axe
 J - the +12 long sword of Watchfulness {drain, rC+ Str-2 Int+3}
   (You found it on level 7 of the Dungeon)

   Str-2:     It affects your strength (-2).
   Int+3:     It affects your intelligence (+3).
   rC+:       It protects you from cold.
 P - the +11 Singing Sword {sonic wave}
   (You found it on level 9 of the Dungeon)
Missiles
 a - 6 javelins
 h - 4 atropa-tipped darts
 k - 9 poisoned darts
 S - a boomerang
 Z - a curare-tipped dart
Armour
 c - a +0 pair of boots (worn)
 s - a +0 cloak (worn)
 u - a +0 helmet (worn)
 Q - a +2 robe of positive energy (worn)
 W - a +1 scale mail of cold resistance
Jewellery
 e - a ring of fire
 n - a ring of flight (left hand)
 p - an amulet of guardian spirit (around neck)
 X - a ring of wizardry
Wands
 x - a wand of polymorph (11)
 y - a wand of roots (21)
 F - a wand of paralysis (22)
 K - a wand of digging (4)
 T - a wand of acid (15)
Scrolls
 b - 2 scrolls of butterflies
 d - 3 scrolls of fear
 f - 2 scrolls of blinking
 g - 7 scrolls of enchant armour
 i - 5 scrolls of fog
 j - 2 scrolls of brand weapon
 l - 7 scrolls of vulnerability
 m - 8 scrolls of teleportation
 r - 2 scrolls of immolation {unknown}
 D - a scroll of silence {unknown}
 E - 4 scrolls of enchant weapon
 H - 2 scrolls of revelation {unknown}
 I - a scroll of amnesia {unknown}
 O - 2 scrolls of noise {unknown}
 R - 2 scrolls of torment {unknown}
 U - 2 scrolls of identify
 Y - a scroll of poison {unknown}
Potions
 t - a potion of enlightenment
 w - 2 potions of magic
 z - 4 potions of mutation
 A - 2 potions of brilliance
 B - 5 potions of curing
 G - 3 potions of might
 L - 2 potions of berserk rage
 M - 4 potions of lignification
 N - 2 potions of attraction
 V - a potion of cancellation


   Skills:
 + Level 8.3 Fighting
 + Level 8.3 Short Blades
 + Level 8.3 Long Blades
 + Level 8.3 Axes
 + Level 8.3 Maces & Flails
 + Level 8.3 Polearms
 + Level 8.3 Staves
 + Level 8.3 Ranged Weapons
 + Level 8.3 Throwing
 + Level 8.8 Armour
 + Level 8.3 Dodging
 + Level 8.7 Stealth
 + Level 8.3 Shields
 + Level 13.2 Unarmed Combat
 + Level 8.9 Spellcasting
 + Level 6.9 Conjurations
 + Level 6.9 Hexes
 + Level 8.0 Summonings
 + Level 6.9 Necromancy
 + Level 6.9 Translocations
 + Level 6.9 Transmutations
 + Level 6.9 Fire Magic
 + Level 6.9 Ice Magic
 + Level 6.9 Air Magic
 + Level 6.9 Earth Magic
 + Level 6.9 Poison Magic
 + Level 9.1 Invocations
 + Level 8.3 Evocations
 + Level 7.6 Shapeshifting


You had 7 spell levels left.
You knew the following spells:

 Your Spells              Type           Power      Damage    Failure   Level
a - Summon Small Mammal   Summ           96%        N/A       1%          1
b - Call Canine Familiar  Summ           24%        N/A       1%          3
c - Blink                 Tloc           44%        N/A       1%          2
d - Manifold Assault      Tloc           22%        N/A       8%          4
e - Summon Guardian Gole  Hex/Summ       23%        N/A       1%          3
f - Summon Ice Beast      Ice/Summ       23%        N/A       6%          4
g - Summon Mana Viper     Hex/Summ       23%        N/A       17%         5

Your spell library contained the following spells:

 Spells                   Type           Power      Damage    Failure   Level
 Hailstorm                Conj/Ice       22%        3d7       2%          3
 Monstrous Menagerie      Summ           12%        N/A       99%         7
 Simulacrum               Ice/Necr       Unusable   N/A       N/A         6

Dungeon Overview and Level Annotations

Branches:
Dungeon (12/15)            Temple (1/1) D:4            Lair (3/5) D:10
  Swamp (0/4) Lair:2       Spider (0/4) Lair:2          Orc (0/2) D:10
Ossuary (visited)

Altars:
Ashenzari
Cheibriados
Dithmenos
Elyvilon
Fedhas
Gozag
Hepliaklqana
Kikubaaqudgha
Makhleb
Nemelex Xobeh
Okawaru
Qazlal
Ru
Sif Muna
Trog
Uskayaw
Vehumet
Wu Jian
Xom
Yredelemnul
Zin
The Shining One

Shops:
D:1 [   D:2 !   D:4 ?


Innate Abilities, Weirdness & Mutations

You have very sharp teeth.
Your uncanny sense of smell can sniff out nearby items.
Your experience applies equally to all skills.


Message History

Your ice beast hits the skyshark.
Your ice beast freezes the skyshark.
You barely miss the skyshark.
You bite the skyshark, but do no damage.
The skyshark is severely wounded.
The skyshark barely misses you. The skyshark misses you.
The skyshark tail-slaps you but does no damage.
The skyshark bites you but does no damage.
The skyshark tail-slaps you but does no damage.
The skyshark closely misses you.
You hit the skyshark but do no damage.
You bite the skyshark, but do no damage.
The skyshark is severely wounded.
The black mamba is no longer distracted by gold.
Your ice beast hits the skyshark but does no damage.
The skyshark barely misses your ice beast.
The skyshark tail-slaps your ice beast!
Your ice beast dies!
Your ice beast disappears in a puff of smoke!
Your mana viper bites the skyshark.
You hit the skyshark but do no damage.
The skyshark is severely wounded.
The black mamba bites you! The skyshark bites you!!
* * * LOW HITPOINT WARNING * * *
The skyshark tail-slaps you but does no damage.
The skyshark tail-slaps you.
* * * LOW HITPOINT WARNING * * *
Your mana viper completely misses the skyshark.
The black mamba bites you but does no damage.
You feel much better. The skyshark bites you!
* * * LOW HITPOINT WARNING * * *
The skyshark barely misses you. The skyshark misses you.
The black mamba bites you!
* * * LOW HITPOINT WARNING * * *
You are lethally poisoned!
The black mamba poisons you!
Your mana viper bites the skyshark!
You feel better. The black mamba bites you.
* * * LOW HITPOINT WARNING * * *
The skyshark bites you!!
You die...
Your body crumbles into a pile of gold.

#$. ... .$##
###..#
#.#.P##
#./...# #
#...ยง.#.###
#..Sl<....#
#..S@$P#..#
#......#
#P###..# ##
###


You could see a skyshark (berserk, ally target), a black mamba and a friendly
mana viper (summoned).

Vanquished Creatures
  A cyclops (D:11)
  A torpor snail (Lair:1)
  4 elephants
  3 cane toads (Lair:1)
  A kobold demonologist (D:11)
  A komodo dragon (D:11)
  A nameless horror (D:9)
  Grinder (D:4)
  A blink frog (Lair:1)
  A hornet (D:8)
  A wyvern (Lair:2)
  9 yaks
  2 steam dragons
  A vampire mosquito (D:10)
  4 water moccasins
  An ice beast (D:6)
  6 orc warriors
  4 black bears
  3 sky beasts (D:7)
  2 centaurs
  3 ogres
  5 wolves
  3 phantoms
  4 bullfrogs
  A kobold brigand (D:10)
  7 scorpions
  3 wights
  4 killer bees
  A centaur zombie (Ossuary)
  2 gnoll boudas
  4 hounds
  A jelly (D:8)
  A human zombie (Ossuary)
  6 orc priests
  10 orc wizards
  2 iguanas
  2 mummies (Ossuary)
  7 adders
  13 gnolls
  A shadow imp (D:7)
  2 white imps
  3 ufetubi
  An adder zombie (Ossuary)
  3 worms
  4 dart slugs
  24 orcs
  3 endoplasms
  7 goblins
  7 hobgoblins
  A quokka (D:1)
  2 ball pythons
  7 bats
  A frilled lizard (D:3)
  3 goblin zombies (Ossuary)
  7 hobgoblin zombies (Ossuary)
  2 jackal zombies (Ossuary)
  7 kobolds
  6 kobold zombies (Ossuary)
  8 orc zombies (Ossuary)
  3 rats
229 creatures vanquished.

Vanquished Creatures (collateral kills)
  Nergalle (Lair:1)
  An ugly thing (D:8)
  A black mamba (Lair:1)
  3 elephants
  A cane toad (Lair:3)
  A troll (D:11)
  A blink frog (Lair:1)
  2 culicivoras (Lair:2)
  A shadow (D:11)
  10 yaks
  A basilisk (Lair:2)
  A redback (Lair:2)
  Menkaure (D:4)
  4 water moccasins
  2 orc warriors (D:10)
  A black bear (D:4)
  A wolf (Lair:2)
  5 bullfrogs
  A scorpion (D:9)
  A wight (D:6)
  2 killer bees
  An electric eel (Lair:2)
  A howler monkey (D:10)
  A human zombie (Ossuary)
  A jelly (D:5)
  An orc priest (D:10)
  A sleepcap (D:6)
  A gnoll bouda (D:4)
  5 orc wizards
  3 gnolls
  A white imp (D:6)
  19 orcs
  A bat (D:9)
  2 goblins
  2 kobolds
  2 quokkas
  A ball python (D:1)
  A frilled lizard (D:1)
  3 hobgoblin zombies (Ossuary)
  2 kobold zombies (Ossuary)
  A rat zombie (Ossuary)
  A spectral orc (D:7)
93 creatures vanquished.

Vanquished Creatures (others)
  Harold (Lair:1)
  2 two-headed ogres
  A skeletal warrior (D:12)
  A manticore (D:11)
  3 elephants
  2 kobold demonologists
  A hornet (D:9)
  3 blink frogs (Lair:1)
  A shadow (D:11)
  2 wraiths
  A wyvern (D:10)
  21 yaks
  A basilisk (D:12)
  A steam dragon (D:10)
  Grum (D:11)
  3 orc warriors (D:10)
  6 wolves
  2 kobold brigands
  A bullfrog (D:9)
  6 killer bees
  2 orc priests (D:10)
  3 orc wizards
  4 orcs
69 creatures vanquished.

Grand Total: 391 creatures vanquished

Notes
Turn   | Place    | Note
-------+----------+-------------------------------------------
     0 | D:1      | Reached skill level 10 in Unarmed Combat
     0 | D:1      | arthad the Gnoll Wanderer began the quest for the Orb.
     0 | D:1      | arthad set off with the following items: a +0 dagger, a
                  | potion of heal wounds, a +0 pair of boots, a scroll of
                  | fear, a +0 robe, a scroll of blinking; and the following
                  | spell memorised: Summon Small Mammal; and the following
                  | spells available to memorise: Call Canine Familiar.
     0 | D:1      | Reached XP level 1. HP: 13/13 MP: 4/4
   266 | D:1      | Found a faded altar of an unknown god.
   293 | D:1      | Reached XP level 2. HP: 14/19 MP: 0/5
   497 | D:1      | Found Seulaam's Antique Armour Shop.
   701 | D:2      | Found Coul's Distillery.
   899 | D:2      | Reached XP level 3. HP: 25/25 MP: 7/7
   903 | D:2      | Learned a level 3 spell: Call Canine Familiar
  1282 | D:3      | Identified the +2 dagger "Reil Xilo" {chaos, *Noise Will++
                  | rCorr Dex+2}
  1541 | D:3      | Reached skill level 1 in Invocations
  1973 | D:4      | Noticed a black bear
  1981 | D:4      | Killed a black bear
  1982 | D:4      | Reached skill level 1 in Fighting
  1982 | D:4      | Reached skill level 1 in Short Blades
  1982 | D:4      | Reached skill level 1 in Long Blades
  1982 | D:4      | Reached skill level 1 in Axes
  1982 | D:4      | Reached skill level 1 in Maces & Flails
  1982 | D:4      | Reached skill level 1 in Polearms
  1982 | D:4      | Reached skill level 1 in Staves
  1982 | D:4      | Reached skill level 1 in Ranged Weapons
  1982 | D:4      | Reached skill level 1 in Throwing
  1982 | D:4      | Reached skill level 1 in Dodging
  1982 | D:4      | Reached skill level 1 in Shields
  1982 | D:4      | Reached skill level 1 in Conjurations
  1982 | D:4      | Reached skill level 1 in Hexes
  1982 | D:4      | Reached skill level 1 in Necromancy
  1982 | D:4      | Reached skill level 1 in Translocations
  1982 | D:4      | Reached skill level 1 in Transmutations
  1982 | D:4      | Reached skill level 1 in Fire Magic
  1982 | D:4      | Reached skill level 1 in Ice Magic
  1982 | D:4      | Reached skill level 1 in Air Magic
  1982 | D:4      | Reached skill level 1 in Earth Magic
  1982 | D:4      | Reached skill level 1 in Poison Magic
  1982 | D:4      | Reached skill level 1 in Evocations
  1982 | D:4      | Reached skill level 1 in Shapeshifting
  1982 | D:4      | Reached XP level 4. HP: 30/32 MP: 0/8
  1982 | D:4      | Reached XP level 5. HP: 35/37 MP: 0/9
  2281 | D:4      | Noticed an orc warrior
  2302 | D:4      | Killed an orc warrior
  2303 | D:4      | Reached XP level 6. HP: 22/44 MP: 0/11
  2647 | D:4      | Found a glowing silver altar of Zin.
  2728 | D:4      | Found a staircase to the Ecumenical Temple.
  2772 | Temple   | Entered the Ecumenical Temple
  2796 | Temple   | Became a worshipper of Gozag Ym Sagoz the Greedy
  2836 | D:4      | Found Zoiph's Magic Scroll Boutique.
  2906 | D:4      | Reached XP level 7. HP: 51/51 MP: 8/12
  3042 | D:4      | Noticed Menkaure
  3107 | D:4      | Killed Menkaure
  3389 | D:4      | Found an ornate altar of the Wu Jian Council.
  3424 | D:5      | Entered Level 5 of the Dungeon
  3539 | D:5      | Reached XP level 8. HP: 27/57 MP: 7/14
  3789 | D:5      | Noticed Grinder
  4281 | D:4      | Paralysed by Grinder for 2 turns
  4302 | D:4      | Killed Grinder
  4303 | D:4      | Reached skill level 11 in Unarmed Combat
  4895 | D:5      | Reached skill level 5 in Summonings
  4895 | D:5      | Reached XP level 9. HP: 43/65 MP: 14/16
  5148 | D:6      | Reached skill level 5 in Spellcasting
  5223 | D:6      | Reached skill level 5 in Armour
  5550 | D:6      | Paralysed by a wight for 5 turns
  5700 | D:6      | Paralysed by a wight for 3 turns
  5707 | D:6      | Reached skill level 5 in Stealth
  5871 | D:6      | Reached skill level 5 in Invocations
  6594 | D:6      | Reached XP level 10. HP: 30/73 MP: 8/18
  6789 | D:7      | Found a basalt altar of Yredelemnul.
  6896 | D:7      | Identified the +12 long sword of Watchfulness {drain, rC+
                  | Str-2 Int+3}
  7183 | D:7      | Reached skill level 5 in Fighting
  7183 | D:7      | Reached skill level 5 in Short Blades
  7183 | D:7      | Reached skill level 5 in Long Blades
  7183 | D:7      | Reached skill level 5 in Axes
  7183 | D:7      | Reached skill level 5 in Maces & Flails
  7183 | D:7      | Reached skill level 5 in Polearms
  7183 | D:7      | Reached skill level 5 in Staves
  7183 | D:7      | Reached skill level 5 in Ranged Weapons
  7183 | D:7      | Reached skill level 5 in Throwing
  7183 | D:7      | Reached skill level 5 in Dodging
  7183 | D:7      | Reached skill level 5 in Shields
  7183 | D:7      | Reached skill level 5 in Evocations
  7355 | D:8      | Found a sand-covered staircase.
  7361 | Ossuary  | Entered an ossuary
  7980 | D:8      | Noticed a red ugly thing
  7997 | D:8      | Killed a red ugly thing
  8840 | D:9      | Reached skill level 5 in Shapeshifting
  9115 | D:9      | Learned a level 2 spell: Blink
  9120 | D:9      | Learned a level 4 spell: Manifold Assault
  9269 | D:9      | Noticed a +0 short sword
  9270 | D:9      | Noticed a +0 falchion
  9270 | D:9      | Noticed a +0 falchion
  9270 | D:9      | Noticed a +0 dagger
  9271 | D:9      | Noticed a +0 short sword
  9271 | D:9      | Noticed a +0 dagger
  9271 | D:9      | Noticed a +0 spear
  9272 | D:9      | Noticed a +0 spear
  9279 | D:9      | Learned a level 3 spell: Summon Guardian Golem
  9284 | D:9      | Learned a level 4 spell: Summon Ice Beast
  9502 | D:9      | Found a hide-covered altar of Uskayaw.
  9604 | D:9      | Found a bloodstained altar of Trog.
  9995 | D:9      | Noticed a nameless horror
 10009 | D:9      | Killed a nameless horror
 10191 | D:9      | Found the +11 Singing Sword {sonic wave}
 10372 | D:10     | Entered Level 10 of the Dungeon
 10635 | D:10     | Reached XP level 11. HP: 79/81 MP: 6/20
 10639 | D:10     | Reached skill level 12 in Unarmed Combat
 10851 | D:10     | Found a staircase to the Lair.
 10866 | D:10     | Reached skill level 5 in Conjurations
 10866 | D:10     | Reached skill level 5 in Hexes
 10866 | D:10     | Reached skill level 5 in Necromancy
 10866 | D:10     | Reached skill level 5 in Translocations
 10866 | D:10     | Reached skill level 5 in Transmutations
 10866 | D:10     | Reached skill level 5 in Fire Magic
 10866 | D:10     | Reached skill level 5 in Ice Magic
 10866 | D:10     | Reached skill level 5 in Air Magic
 10866 | D:10     | Reached skill level 5 in Earth Magic
 10866 | D:10     | Reached skill level 5 in Poison Magic
 11713 | D:10     | Found a hazy altar of Hepliaklqana.
 11802 | D:10     | Noticed a two-headed ogre
 11809 | D:10     | Killed a two-headed ogre
 12265 | D:10     | Found a staircase to the Orcish Mines.
 12328 | D:11     | Noticed Grum
 12346 | D:11     | Killed Grum
 13091 | D:11     | Noticed a manticore
 13103 | D:11     | Killed a manticore
 13841 | D:11     | Found a snail-covered altar of Cheibriados.
 14108 | D:12     | Noticed a two-headed ogre
 14121 | D:12     | Killed a two-headed ogre
 14136 | D:12     | Noticed a cyclops
 14163 | D:12     | Reached XP level 12. HP: 44/91 MP: 2/23
 14658 | Lair:1   | Entered Level 1 of the Lair of Beasts
 15788 | Lair:1   | Learned a level 5 spell: Summon Mana Viper
 16023 | Lair:1   | Noticed Nergalle
 16360 | Lair:1   | Noticed Harold
 16379 | Lair:1   | Killed Harold
 16380 | Lair:1   | Reached skill level 13 in Unarmed Combat
 16380 | Lair:1   | Reached XP level 13. HP: 95/98 MP: 15/25
 16460 | Lair:1   | Killed Nergalle
 17310 | Lair:2   | Found a staircase to the Swamp.
 17528 | Lair:2   | Found a hole to the Spider Nest.
 18276 | Lair:3   | Slain by a skyshark

Illustrated notes

Levels and vault maps discovered:
D:1:      ebering_trefoil_3fold, layout_rooms, serial_shops,
          nicolae_shop_pleasant_corner_grove,
          shapermc_ecumenical_altar_starsandcircs, nrook_uturn,
          minmay_statues_item
D:2:      layout_loops_cross, serial_shops, nicolae_shop_industrial_runoff
D:3:      layout_basic, kennysheep_boxes
D:4:      minmay_thick_lines, layout_gridville, nicolae_overflow_crystal_walls,
          kennysheep_little_box, minmay_temple_entry_nine_rooms, serial_shops,
          shop, uniq_menkaure
D:5:      layout_cave_pools, grunt_decor_fettered, uniq_grinder
D:6:      layout_cave_pools
D:7:      layout_loops_ring, yredelemnul_forgotten_temple_becter,
          chequers_serial_rivers_micro_a
D:8:      nicolae_cairo_tiling, layout_loops_ring,
          lightli_ossuary_entry_decrepit_ruins, serial_rivers,
          chequers_serial_rivers_micro_b, chequers_serial_rivers_small_a,
          chequers_serial_rivers_small_a, chequers_serial_rivers_micro_d,
          chequers_serial_rivers_micro_e
D:9:      old_forge, layout_layer_cave, nicolae_uskayaw_en_pointe,
          trog_hazing_becter
D:10:     kennysheep_six_static_rooms, layout_loops_ring, old_standard_altar,
          david_orc_4, minmay_fractal_squares_gapless_5
D:11:     layout_gridville, cheibrodos_worm_habitat, uniq_grum
D:12:     layout_big_octagon
Temple:   kb_temple_of_zot
Lair:1:   layout_cave_pods, uniq_harold, uniq_nergalle
Lair:2:   layout_cave_shapes, swamp_mist_pool, spider_nest_entry_funnel_web
Lair:3:   layout_loops_ring, worms_lemuel

Skill      XL: |  1  2  3  4  5  6  7  8  9 10 11 12 13 |
---------------+----------------------------------------+-----
Unarmed Combat | 11 12 13 | 13.2
Invocations    | 1 2 3 4 5 6 7 8 9 |  9.1
Fighting       | 1 2 3 4 5 7 8 |  8.3
Short Blades   | 1 2 3 4 5 7 8 |  8.3
Long Blades    | 1 2 3 4 5 7 8 |  8.3
Axes           | 1 2 3 4 5 7 8 |  8.3
Maces & Flails | 1 2 3 4 5 7 8 |  8.3
Polearms       | 1 2 3 4 5 7 8 |  8.3
Staves         | 1 2 3 4 5 7 8 |  8.3
Ranged Weapons | 1 2 3 4 5 7 8 |  8.3
Throwing       | 1 2 3 4 5 7 8 |  8.3
Dodging        | 1 2 3 4 5 7 8 |  8.3
Shields        | 1 2 3 4 5 7 8 |  8.3
Spellcasting   | 3 4 5 6 7 8 |  8.9
Conjurations   | 1 2 3 4 5 6 |  6.9
Hexes          | 1 2 3 4 5 6 |  6.9
Necromancy     | 1 2 3 4 5 6 |  6.9
Translocations | 1 2 3 4 5 6 |  6.9
Transmutations | 1 2 3 4 5 6 |  6.9
Fire Magic     | 1 2 3 4 5 6 |  6.9
Ice Magic      | 1 2 3 4 5 6 |  6.9
Air Magic      | 1 2 3 4 5 6 |  6.9
Earth Magic    | 1 2 3 4 5 6 |  6.9
Poison Magic   | 1 2 3 4 5 6 |  6.9
Evocations     | 1 2 3 4 5 7 8 |  8.3
Shapeshifting  | 1 2 3 4 5 6 7 |  7.6
Armour         | 3 4 5 6 7 8 |  8.8
Summonings     | 4 5 6 7 8 |  8.0
Stealth        | 3 4 5 6 7 8 |  8.7

Action                     |  1- 3 |  4- 6 |  7- 9 | 10-12 | 13-15 || total
---------------------------+-------+-------+-------+-------+-------++-------
  Melee: Dagger            |    11 |       |       |       |       ||    11
         Unarmed           |    46 |    52 |   297 |   491 |    59 ||   945
         Bite              |     6 |     5 |    39 |    64 |    15 ||   129
         Punch             |     4 |     3 |    24 |    40 |     7 ||    78
  Throw: Dart              |     2 |     5 |     7 |     7 |     1 ||    22
         Boomerang         |       |       |       |     2 |       ||     2
   Cast: Summon Small Mamm |    22 |     2 |    35 |     4 |       ||    63
         Call Canine Famil |     1 |     2 |    35 |    72 |    17 ||   127
         Summon Guardian G |       |       |       |    48 |     9 ||    57
         Summon Ice Beast  |       |       |       |    32 |    14 ||    46
         Manifold Assault  |       |       |       |     2 |       ||     2
         Blink             |       |       |       |     3 |     2 ||     5
         Summon Mana Viper |       |       |       |     3 |     9 ||    12
  Evoke: Wand              |       |       |       |     2 |       ||     2
    Use: Potion            |       |     1 |     3 |     1 |     2 ||     7
         Scroll            |       |       |       |    19 |       ||    19
   Stab: Sleeping          |     4 |     4 |     3 |     2 |       ||    13
         Distracted        |       |       |     4 |    15 |     2 ||    21
         Paralysed         |       |       |       |     4 |       ||     4
 Armour: Robe              |    25 |    17 |   214 |   307 |    63 ||   626
  Dodge: Dodged            |    24 |    16 |   185 |   385 |    71 ||   681

Table legend: (Time is in decaauts)
 A = Elapsed time spent in this place.
 B = Non-inter-level travel time spent in this place.
 C = Inter-level travel time spent in this place.
 D = Time resting spent in this place.
 E = Time spent auto-exploring this place.
 F = Levels seen in this place.
 G = Mean time per level.
                   A        B        C        D        E       F      G
               +--------+--------+--------+--------+--------+-----+--------+
         Total |  18082 |  17501 |    581 |   2000 |  12198 |  17 | 1063.6 |
       Dungeon |  14422 |  13957 |    465 |   1679 |   9804 |  12 | 1201.8 |
        Temple |     46 |      7 |     39 |      0 |      0 |   1 |   46.0 |
          Lair |   3269 |   3193 |     76 |    321 |   2180 |   3 | 1089.7 |
       Ossuary |    343 |    343 |      0 |      0 |    214 |   1 |  343.0 |
               +--------+--------+--------+--------+--------+-----+--------+

Top non-repeatable levels by time:
    D:10: 2477 daAuts
  Lair:1: 2153 daAuts
     D:4: 2041 daAuts
     D:9: 1951 daAuts
    D:11: 1841 daAuts
     D:5: 1121 daAuts
     D:6: 1099 daAuts
  Lair:2: 1090 daAuts
     D:7: 990 daAuts
     D:8: 874 daAuts
     D:2: 706 daAuts
     D:3: 697 daAuts
     D:1: 536 daAuts
 Ossuary: 343 daAuts
    D:12: 85 daAuts
